 Dungeon Crawl Stone Soup version 0.28.0-53-g5a82cb258f (webtiles) character file.

Game seed: 16891948597384031221

111 Descartes the Grasshopper (level 5, -1/38 HPs)
             Began as a Formicid Warper on June 5, 2022.
             Slain by Grinder (3 damage)
             ... on level 3 of the Dungeon.
             The game lasted 00:03:47 (1611 turns).

Descartes the Grasshopper (Formicid Warper)         Turns: 1611, Time: 00:03:48

Health: -1/38      AC:  6    Str: 17    XL:     5   Next: 15%
Magic:  8/8        EV: 15    Int: 13    God:
Gold:   54         SH:  0    Dex: 10    Spells: 8/8 levels left

rFire   . . .      SeeInvis +   a - +0 spear
rCold   . . .      Faith    .   (no shield)
rNeg    . . .      Spirit   .   b - +0 leather armour
rPois   .          Reflect  .   (helmet unavailable)
rElec   .          Harm     .   m - +2 cloak
rCorr   .          Rampage  .   (no gloves)
Will    .....                   (no boots)
Stlth   +.........              e - amulet of regeneration
HPRegen 0.92/turn               i - +4 ring of evasion
MPRegen 0.11/turn               (no ring)

@: flying
A: permanent stasis, dig shafts and tunnels, antennae 3, four strong arms
a: Dig, Shaft Self


You were on level 3 of the Dungeon.
You visited 1 branch of the dungeon, and saw 3 of its levels.

You collected 54 gold pieces.

Inventory:

Hand Weapons
 a - a +0 spear (weapon)
 n - a +0 war axe
Missiles
 c - 5 boomerangs of dispersal (quivered)
 d - 4 poisoned darts
 f - 4 boomerangs
 h - 4 stones
Armour
 b - a +0 leather armour (worn)
 m - a +2 cloak (worn)
Jewellery
 e - an amulet of regeneration (around neck)
 i - a +4 ring of evasion (left hand)
Scrolls
 j - a scroll of torment {unknown}
 k - a scroll of identify {unknown}
 l - a scroll of blinking {unknown}
Potions
 g - a potion of degeneration {unknown}
 o - a potion of flight
 p - a potion of curing


   Skills:
 - Level 2.1 Fighting
 - Level 2.0 Polearms
 - Level 1.0 Throwing
 + Level 2.9 Armour
 - Level 1.7 Dodging
 + Level 2.8 Shields
 - Level 2.1 Spellcasting
 + Level 3.5 Translocations


You had 8 spell levels left.
You didn't know any spells.
Your spell library contained the following spells:

 Spells                   Type           Power      Damage    Failure   Level
 Gell's Gravitas          Tloc           10%        N/A       21%         3
 Lesser Beckoning         Tloc           10%        N/A       21%         3
 Teleport Other           Tloc           10%        N/A       21%         3
 Manifold Assault         Tloc           10%        N/A       88%         5
 Blink                    Tloc           Unusable   N/A       N/A         2

Dungeon Overview and Level Annotations

Branches:
Dungeon (3/15)

Altars:

Shops:
D:2 =

Annotations:
D:3 Grinder


Innate Abilities, Weirdness & Mutations

You cannot be hasted, slowed, berserked, paralysed or teleported.
You can dig through walls and to a lower floor.
You have a pair of large antennae on your head. (SInv)
Your four strong arms can wield two-handed weapons with a shield.


Message History

You hit the bat.
You kill the bat!
Grinder rolls her eyes.
Grinder gestures at you. You resist with significant effort.
Grinder gestures at you. Pain shoots through your body!
A rat comes into view.
Things that are here:
a bat corpse; an adder corpse
Found an escape hatch in the ceiling.
You completely miss the rat.
Grinder says, "Mostly I couldn't keep them alive."
The rat bites you but does no damage.
You barely miss Grinder.
Grinder is moderately wounded.
Grinder gestures at you. Pain shoots through your body!
* * * LOW HITPOINT WARNING * * *
The rat barely misses you.
You are too injured to fight recklessly!
You are too injured to fight recklessly!
You are too injured to fight recklessly!
Grinder hits you but does no damage. The rat bites you but does no damage.
Things that are here:
a bat corpse; an adder corpse Grinder says, "Wait up."
Grinder gestures at you. Pain shoots through your body!
* * * LOW HITPOINT WARNING * * *
You hit Grinder but do no damage.
Grinder is moderately wounded.
It was a potion of flight.
You feel very buoyant.
You fly up into the air.
Grinder hits you.
* * * LOW HITPOINT WARNING * * *
It was a potion of curing.
You feel better. Grinder hits you!
* * * LOW HITPOINT WARNING * * *
You writhe in agony.
You die...

.....##...#.....##
#.#
####.###...#...##
#.# .....# #.#+##.##
#.# ####.# ###.##.#
#.### #.# ##...###
#...# #..##.....####
###.# #..+...8..†.r#
#.# #.####...###5##
#.# #.# #... ##@#
#.# #.<. ##..# #.#
#... #.#.#### #.#
#...
##.....###########.#
..8.
+..##...........#.#
#....
#..##.#########.#.#
##.##.# #.#.#
#.##.##### #.#.#
#.##.....# #.#.#


You could see Grinder and a rat.

Vanquished Creatures
  Jessica (D:3)
  4 adders
  A worm (D:2)
  A dart slug (D:1)
  An orc (D:3)
  6 ball pythons
  A bat (D:3)
  3 endoplasms
  2 giant cockroaches
  3 goblins
  6 hobgoblins
  2 jackals (D:2)
  3 kobolds
  2 quokkas
  6 frilled lizards
  3 rats (D:1)
45 creatures vanquished.

Notes
Turn   | Place    | Note
-------+----------+-------------------------------------------
     0 | D:1      | Descartes the Formicid Warper began the quest for the Orb.
     0 | D:1      | Reached XP level 1. HP: 16/16 MP: 3/3
   217 | D:1      | Reached XP level 2. HP: 22/22 MP: 5/5
   253 | D:1      | Reached skill level 1 in Shields
   472 | D:1      | Reached skill level 3 in Translocations
   486 | D:1      | Reached XP level 3. HP: 27/27 MP: 6/6
   560 | D:1      | Found a faded altar of an unknown god.
  1096 | D:2      | Found Lethre's Jewellery Emporium.
  1150 | D:2      | Reached XP level 4. HP: 32/33 MP: 7/7
  1539 | D:3      | Noticed Jessica
  1543 | D:3      | Killed Jessica
  1544 | D:3      | Reached XP level 5. HP: 37/38 MP: 8/8
  1581 | D:3      | Noticed Grinder
  1611 | D:3      | Slain by Grinder

Illustrated notes

Levels and vault maps discovered:
D:1:      heliophobic_arrival_enchanted_forest, layout_rooms,
          shapermc_ecumenical_altar_mp_vishouse, nrook_campfire,
          minmay_tetromino_i4
D:2:      layout_basic, serial_shops, nicolae_square_shop
D:3:      layout_loops_ring, mainiacjoe_overflow_large_starburst,
          nicolae_hepliaklqana_monster_ancestors, grunt_ministairs_15,
          minmay_fountain_box, uniq_jessica, uniq_grinder

Skill      XL: |  1  2  3 |
---------------+----------+-----
Shields        | 1 2 |  2.8
Translocations | 3 |  3.5
Armour         | 2 |  2.9
Fighting       | |  2.1
Polearms       | |  2.0
Throwing       | |  1.0
Dodging        | |  1.7
Spellcasting   | |  2.1

Action                   |  1- 3 |  4- 6 || total
-------------------------+-------+-------++-------
Melee: Spear             |   113 |    74 ||   187
       Punch             |     1 |     1 ||     2
  Use: Potion            |       |     2 ||     2
 Stab: Sleeping          |     1 |       ||     1
Armor: Leather armour    |    24 |    20 ||    44
Dodge: Dodged            |    54 |    62 ||   116
